 Dungeon Crawl Stone Soup version 0.28.0-43-g3370ac3207 (webtiles) character file.

Game seed: 10215050311430286956

1872 RatsInWalls the Cudgeller (level 8, -3/72 (79) HPs)
             Began as a Troll Monk on Mar 31, 2022.
             Was an Elder of Ashenzari.
             Engulfed by a steam dragon's steam (12 damage)
             ... on level 8 of the Dungeon.
             The game lasted 00:19:37 (6127 turns).

RatsInWalls the Cudgeller (Troll Monk)              Turns: 6127, Time: 00:19:38

HP:   -3/72 (79)    AC:  4    Str: 22    XL:     8   Next: 91%
MP:   7/7           EV: 12    Int:  6    God:    Ashenzari [****..]
Gold: 300           SH:  0    Dex: 12    Spells: 7/7 levels left

rFire   x . .      SeeInvis +   e - +0 whip "Cryptic Activism" {venom, Cun, Bglg} (curse)
rCold   + . .      Faith    .   (no shield)
rNeg    . . .      Spirit   .   b - +0 robe of the Mantic Yoke {Cun, Fort} (curse)
rPois   .          Reflect  .   (helmet restricted)
rElec   .          Harm     .   (no cloak)
rCorr   +          Rampage  .   (gloves unavailable)
Will    .....      Clarity  +   (boots unavailable)
Stlth   ++........              D - amulet "Cursed Sorrow" {RegenMP, Alch, Melee} (curse)
HPRegen 1.02/turn               f - ring "Cursed Gloom" {rCorr, Comp, Melee} (curse)
MPRegen 0.50/turn               w - ring "Gaze Upon Infinity" {Ice, Elem, Fort} (curse)

@: hasted, drained, very quick
A: large, unfitting armour, claws 3, regeneration 1, shaggy fur 1, tough skin 1
a: Renounce Religion, Shatter the Chains


You were on level 8 of the Dungeon.
You worshipped Ashenzari.
Ashenzari was greatly pleased with you.
You visited 1 branch of the dungeon, and saw 8 of its levels.

You collected 326 gold pieces.
You spent 26 gold pieces at shops.

Inventory:

Hand Weapons
 a - a +0 giant club
 e - the cursed +0 whip "Cryptic Activism" (weapon) {venom, Cun, Bglg}
   (You took it off a kobold on level 2 of the Dungeon)

   It poisons the flesh of those it strikes.
   It has a curse which improves the following skills: Cunning: Dodging and
   Stealth.
   Beguiling: Conjurations, Hexes and Translocations.
Missiles
 o - 115 stones (quivered)
Armour
 b - the cursed +0 robe of the Mantic Yoke (worn) {Cun, Fort}

   It has a curse which improves the following skills: Cunning: Dodging and
   Stealth.
   Fortitude: Armour and Shields.
 B - a +0 robe
 F - the +0 robe of Distant Worlds {-Tele Regen+ Str+4}
   (You found it on level 7 of the Dungeon)

   Str:       It affects your strength (+4).
   -Tele:     It prevents most forms of teleportation.
   Regen:     It increases your rate of health regeneration.
Jewellery
 f - the cursed ring "Cursed Gloom" (left claw) {rCorr, Comp, Melee}
   (You found it on level 1 of the Dungeon)

   [ring of resist corrosion]

   rCorr:     It protects you from acid and corrosion.
   It has a curse which improves the following skills: Companions: Summonings
   and Necromancy.
   Melee Combat: Short Blades, Long Blades, Axes, Maces & Flails, Polearms,
   Staves and Unarmed Combat.
 w - the cursed ring "Gaze Upon Infinity" (right claw) {Ice, Elem, Fort}
   (You found it on level 5 of the Dungeon)

   [ring of ice]

   It enhances your ice magic.
   rF:        It makes you vulnerable to fire.
   rC:        It protects you from cold.
   It has a curse which improves the following skills: Elements: Fire Magic, Ice
   Magic, Air Magic and Earth Magic.
   Fortitude: Armour and Shields.
 D - the cursed amulet "Cursed Sorrow" (around neck) {RegenMP, Alch, Melee}
   (You found it on level 7 of the Dungeon)

   [amulet of magic regeneration]

   It increases your rate of magic regeneration.
   It has a curse which improves the following skills: Alchemy: Poison Magic and
   Transmutations.
   Melee Combat: Short Blades, Long Blades, Axes, Maces & Flails, Polearms,
   Staves and Unarmed Combat.
 E - a ring of positive energy
Wands
 m - a wand of iceblast (11)
 r - a wand of mindburst (60)
 v - a wand of flame (13)
Scrolls
 c - 5 scrolls of identify
 d - a scroll of amnesia
 h - a scroll of magic mapping
 i - a scroll of fog
 j - 2 scrolls of teleportation
 k - 2 scrolls of holy word
 n - a scroll of blinking
 s - 5 scrolls of enchant weapon
 y - a scroll of summoning
 A - 2 scrolls of enchant armour
 C - a scroll of silence
Potions
 g - 2 potions of brilliance
 l - 2 potions of degeneration
 p - a potion of curing
 t - a potion of cancellation
 x - a potion of lignification
 z - 2 potions of resistance


   Skills:
 + Level 4.6 Fighting
 + Level 6.7(9.7) Maces & Flails
 * Level 3.7 Throwing
 * Level 3.8(6.4) Armour
 + Level 4.6(7.4) Dodging
 - Level 1.0(2.6) Stealth


You had 7 spell levels left.
You didn't know any spells.
Your spell library contained the following spells:

 Spells                   Type           Power      Damage    Failure   Level
 Apportation              Tloc           0%         N/A       41%         1
 Foxfire                  Conj/Fire      0%         2x1d4     41%         1
 Summon Small Mammal      Summ           0%         N/A       41%         1
 Animate Skeleton         Necr           0%         N/A       43%         1
 Blink                    Tloc           0%         N/A       56%         2
 Corpse Rot               Necr/Air       0%         N/A       56%         2
 Conjure Flame            Conj/Fire      0%         6-21      80%         3
 Dazzling Flash           Conj/Hex       0%         N/A       80%         3
 Inner Flame              Hex/Fire       0%         N/A       80%         3
 Dispel Undead            Necr           0%         3d6       99%         4
 Flame Wave               Conj/Fire      0%         2d4       99%         4
 Agony                    Necr           0%         N/A       100%        5
 Manifold Assault         Tloc           0%         N/A       100%        5
 Silence                  Hex/Air        0%         N/A       100%        5
 Death Channel            Necr           0%         N/A       100%        6
 Storm Form               Tmut/Air       0%         N/A       100%        7


Dungeon Overview and Level Annotations

Branches:
Dungeon (8/15)             Temple (0/1) D:5
   Lair: D:8-11

Altars:
Ashenzari

Shops:
D:1 *


Innate Abilities, Weirdness & Mutations

You are too large for most types of armour.
You have claws for hands.
Your natural rate of healing is unusually fast.
You are covered in fur. (AC +1)
You have tough skin. (AC +1)


Message History

You barely miss the centaur.
The centaur is severely wounded.
The centaur barely misses you. The centaur kicks you.
You hit the centaur.
The centaur looks as sick as possible!
The centaur is almost dead.
You kill the centaur!
Things that are here:
a +0 shortbow; 15 arrows You start resting.
HP restored.
The steam dragon hisses angrily.
The steam dragon breathes steam at you. The ball of steam hits you!!
The steam scalds you terribly!
You hear a shout! x3
Okay, then.
The steam dragon closely misses you. The steam dragon barely misses you.
You completely miss the steam dragon. The steam dragon bites you.
The steam dragon claws you.
You hit the steam dragon.
The steam dragon is poisoned.
The steam dragon is lightly wounded.
You barely miss the steam dragon.
The steam dragon is lightly wounded.
The steam dragon bites you! The steam dragon misses you.
You closely miss the steam dragon.
The steam dragon is lightly wounded.
The steam dragon breathes steam at you. The ball of steam hits you!!
The steam scalds you terribly!
* * * LOW HITPOINT WARNING * * *
You hear a shout! x2
You feel much better.
You are engulfed in a cloud of scalding steam.
* * * LOW HITPOINT WARNING * * *
The steam dragon bites you but does no damage.
The steam dragon claws you.
* * * LOW HITPOINT WARNING * * *
Unknown command.
Okay, then.
You feel yourself speed up.
You are engulfed in a cloud of scalding steam.
You die...

#..{## ###.#.........##
#..{## #...##++##..#
###z## ###.#≈≈≈≈#..#
##.## ##.#≈ #.## *##z##
* ####.#≈ #.# #.......#
####.#≈≈≈ #.. *
#........# ##...######..
** ,*
#..#.....####.§.§§......
, *
#..####.....D@.§§#...##*
* , ,.(.
,,#..####§####*..#* ** *
...,,, .# #.... ,,∆.# ,,
, .###, * *.# #...# #*
,** ** ,, ,, * #...# * *
*, * #...# *,,, ,, *
*,,, , #...# ,* , , ***,
, * #.... , ,, , , ,,,,
, ,,, ,,,, , ,, , *,


You could see a steam dragon (poisoned, catching breath).

Vanquished Creatures
  A hornet (D:7)
  A black bear (D:6)
  2 necrophages
  An ogre (D:6)
  A centaur (D:8)
  A bullfrog (D:6)
  3 scorpions
  A wyvern skeleton (D:7)
  6 wights
  A bullfrog zombie (D:5)
  2 centaur zombies (D:5)
  2 hounds
  2 orc priests (D:7)
  A jelly (D:5)
  Jessica (D:3)
  3 iguanas
  3 orc wizards
  2 hound skeletons
  A howler monkey zombie (D:5)
  3 gnolls (D:7)
  10 adders
  A white imp (D:6)
  An ufetubus (D:7)
  An adder skeleton (D:4)
  2 worms (D:2)
  4 dart slugs
  18 orcs
  2 bats
  4 endoplasms
  A giant cockroach (D:3)
  5 goblins
  12 hobgoblins
  11 jackals
  5 quokkas
  6 ball pythons
  3 frilled lizards
  7 kobolds
  A quokka skeleton (D:4)
  7 rats
139 creatures vanquished.

Vanquished Creatures (others)
  13 fungi (D:1)
13 creatures vanquished.

Grand Total: 152 creatures vanquished

Notes
Turn   | Place    | Note
-------+----------+-------------------------------------------
     0 | D:1      | RatsInWalls the Troll Monk began the quest for the Orb.
     0 | D:1      | Reached XP level 1. HP: 22/22 MP: 0/0
   197 | D:1      | Reached XP level 2. HP: 27/29 MP: 1/1
   322 | D:1      | Reached skill level 3 in Maces & Flails
   356 | D:1      | Found Mocric's General Store.
   378 | D:1      | Bought a scroll of fog for 26 gold pieces
   411 | D:1      | Reached XP level 3. HP: 36/36 MP: 2/2
   650 | D:2      | Reached skill level 1 in Armour
   857 | D:2      | Found a broken altar of Ashenzari.
   933 | D:2      | Became a worshipper of Ashenzari the Shackled
   979 | D:2      | Reached XP level 4. HP: 37/44 MP: 3/3
  1038 | D:2      | Reached * piety under Ashenzari
  1091 | D:2      | Found a faded altar of an unknown god.
  1972 | D:3      | Noticed Jessica
  1977 | D:3      | Killed Jessica
  1978 | D:3      | Reached XP level 5. HP: 42/52 MP: 4/4
  2200 | D:4      | Reached skill level 4 in Maces & Flails
  2401 | D:4      | Reached ** piety under Ashenzari
  2485 | D:4      | Reached skill level 1 in Throwing
  2924 | D:5      | Entered Level 5 of the Dungeon
  3061 | D:5      | Reached XP level 6. HP: 60/61 MP: 5/5
  3237 | D:5      | Found a staircase to the Ecumenical Temple.
  3727 | D:5      | Reached XP level 7. HP: 58/67 MP: 6/6
  3799 | D:5      | Reached skill level 5 in Maces & Flails
  3897 | D:5      | Reached *** piety under Ashenzari
  4743 | D:7      | Reached XP level 8. HP: 77/78 MP: 7/7
  5135 | D:7      | Reached skill level 6 in Maces & Flails
  5347 | D:7      | Noticed a hornet
  5355 | D:7      | Killed a hornet
  5383 | D:7      | Identified the cursed +0 robe of the Mantic Yoke {Cun,
                  | Fort}
  5442 | D:7      | Reached **** piety under Ashenzari
  5544 | D:7      | Identified the +0 robe of Distant Worlds {-Tele Regen+
                  | Str+4}
  6127 | D:8      | Engulfed by a steam dragon's steam

Illustrated notes

Levels and vault maps discovered:
D:1:      scummos_arrival_checkerplants, layout_rooms, serial_shops, shop
D:2:      layout_rooms, basic_altar, shapermc_ecumenical_altar_starsandcircs
D:3:      layout_loops_corners, uniq_jessica
D:4:      nicolae_cairo_tiling_very_big, layout_gridville
D:5:      layout_loops_ring, minmay_temple_entry_antechambers, st_stairs_5
D:6:      layout_loops_ring
D:7:      layout_basic, minmay_checkerbox
D:8:      layout_loops_cross, general_overflow_altar, chequers_mini_garden,
          serial_nicolae_subway, nicolae_sub_station_metal,
          nicolae_sub_station_crystal, nicolae_sub_station_stone

Skill      XL: |  1  2  3  4  5  6  7  8 |
---------------+-------------------------+-----
Maces & Flails | 3 4 5 6 |  6.7
Armour         | 1 2 3 |  3.8
Dodging        | 3 4 |  4.6
Fighting       | 3 4 |  4.6
Throwing       | 1 2 3 |  3.7
Stealth        | |  1.0

Action                   |  1- 3 |  4- 6 |  7- 9 || total
-------------------------+-------+-------+-------++-------
Melee: Mace              |   160 |    34 |       ||   194
       Punch             |     2 |     6 |     4 ||    12
       Whip              |       |   273 |   294 ||   567
Throw: Stone             |       |       |     6 ||     6
Invok: Curse Item        |     1 |     2 |     2 ||     5
  Use: Scroll            |     1 |       |       ||     1
       Potion            |       |     1 |     3 ||     4
 Stab: Sleeping          |     1 |     6 |     3 ||    10
Armor: Robe              |    53 |    84 |    28 ||   165
       Skin              |       |       |    11 ||    11
Dodge: Dodged            |   105 |   171 |   120 ||   396
